AoeStats
← Critian

Yucatan

503527276Analyzed
4v4 RM · 1mo ago on Sep 1, 2026· 45m 9s· 8 players
Game mode
Random Map
Map size
Large (8 player)
Population
200
Speed
Normal
Resources
Standard
Victory
Conquest
Starting age
Dark Age
Ending age
Imperial Age
RankedLock teamsTeams togetherTeam positionsShared explorationLock speedFull tech treeHidden civsTurbo modeCheats
Victory
Defeat
🇨🇴 Franks · Colombia
1032
+10
🇹🇼 Slavs · Taiwan
1025
+11
🇺🇸 Khmer · United States
1004
+12
🇲🇽 Mongols · Mexico
991
+12
🇦🇷 Mongols · Argentina
941
-13
🇦🇷 Romans · Argentina
908
-11
🇦🇷 Bulgarians · Argentina
891
-11
🇦🇷 Malians · Argentina
889
-11
Matasuegra27
10:41 Feudal Age
15:20 Double-Bit Axe
17:58 Castle Age
19:06 Bow Saw
24:33 Gold Mining
24:39 Stone Mining
29:13 #83
34:02 Imperial Age
32:35 Gold Shaft Mining
33:38 Ballistics
33:24 Husbandry
34:19 Wheelbarrow
34:55 Fortified Wall
34:18 Cavalier
35:20 Conscription
35:52 Forging
35:48 Scale Barding Armor
36:01 Chivalry
36:52 Paladin
38:35 Coinage
39:06 Town Watch
39:37 Hand Cart
40:31 Iron Casting
40:16 Chain Barding Armor
42:29 Blast Furnace
42:42 Town Patrol
43:22 Plate Barding Armor
42:29 Elite Throwing Axeman
44:32 Loom
45:24 Banking
Maverick
0:27 Loom
10:51 Feudal Age
16:03 Castle Age
14:47 Double-Bit Axe
16:51 Wheelbarrow
18:32 Hand Cart
18:42 Horse Collar
19:29 Heavy Plow
20:14 Bow Saw
36:35 Imperial Age
34:39 Gold Mining
35:08 Town Watch
36:02 Town Patrol
36:27 Ballistics
36:00 Fletching
36:57 Gold Shaft Mining
36:32 Stone Mining
36:43 Bodkin Arrow
37:42 Conscription
38:36 Chemistry
37:37 Bracer
38:46 Padded Archer Armor
39:16 Siege Engineers
38:34 Capped Ram
40:06 Stone Shaft Mining
40:27 Drill
40:41 Leather Archer Armor
41:04 Siege Ram
42:34 Elite Mangudai
lasttruepoet
9:49 Loom
11:35 Feudal Age
13:25 Wheelbarrow
15:55 Castle Age
16:23 Town Watch
17:02 Hand Cart
16:43 Double-Bit Axe
18:03 Horse Collar
25:36 Scale Barding Armor
25:59 Forging
34:01 Bow Saw
33:53 Heavy Plow
33:46 Stone Mining
33:47 Gold Mining
37:07 Chain Barding Armor
37:23 Iron Casting
36:39 Fletching
37:53 Stone Shaft Mining
37:54 Gold Shaft Mining
36:47 Elite Skirmisher
38:45 Town Watch
39:12 Fortified Wall
39:23 Ballistics
39:00 Murder Holes
39:16 Masonry
39:09 Padded Archer Armor
40:30 Leather Archer Armor
41:32 Bodkin Arrow
44:22 Imperial Age
46:18 Plate Barding Armor
46:45 Blast Furnace
monkeyken7414
8:16 Loom
10:49 Feudal Age
15:31 Castle Age
14:00 Double-Bit Axe
15:06 Forging
18:31 Stone Mining
20:27 Bow Saw
23:33 Gold Mining
24:24 Wheelbarrow
23:53 Fletching
25:15 Scale Barding Armor
25:13 Town Watch
26:48 Bodkin Arrow
29:17 Horse Collar
33:16 Heavy Plow
38:42 Imperial Age
36:32 Scale Mail Armor
38:06 Gold Shaft Mining
38:29 Hand Cart
37:40 Pikeman
38:20 Squires
38:37 Chain Mail Armor
38:57 Iron Casting
39:53 Conscription
40:56 Chemistry
39:24 Halberdier
40:35 Plate Mail Armor
43:11 Blast Furnace
42:31 Chain Barding Armor
42:15 Druzhina
43:14 Elite Boyar
43:59 Husbandry
44:09 Bloodlines
45:52 Crop Rotation
46:25 Two-Man Saw
46:11 Plate Barding Armor
Pugberto
10:40 Feudal Age
11:29 Horse Collar
11:35 Double-Bit Axe
12:49 Man-at-Arms
14:32 Forging
17:55 Scale Mail Armor
22:17 Castle Age
24:03 Chain Mail Armor
24:24 Iron Casting
23:12 Long Swordsman
24:40 Bow Saw
25:41 Squires
27:41 Pikeman
32:31 Gold Mining
34:41 Wheelbarrow
35:02 Loom
35:49 Hand Cart
38:58 Gold Shaft Mining
38:14 Stone Mining
38:39 Masonry
38:26 Murder Holes
41:13 Imperial Age
41:32 Heavy Scorpion
43:19 Chemistry
42:30 Siege Engineers
42:04 Legionary
45:28 Blast Furnace
Aldryx34
13:08 Feudal Age
16:23 Double-Bit Axe
16:57 Forging
19:21 Scale Mail Armor
20:31 Wheelbarrow
23:39 Horse Collar
28:03 Castle Age
29:12 Squires
28:58 Gambesons
30:22 Iron Casting
36:32 Hand Cart
38:11 Bow Saw
39:41 Scale Barding Armor
42:40 Imperial Age
41:10 Stirrups
41:46 Chain Barding Armor
NuncaMasMorocho
10:32 Feudal Age
14:58 Castle Age
12:49 Double-Bit Axe
17:42 Fletching
24:45 Horse Collar
32:25 Imperial Age
30:41 Bow Saw
30:34 Heavy Plow
32:54 Wheelbarrow
32:04 Loom
32:52 Forging
32:48 Scale Barding Armor
32:46 Husbandry
32:57 Bloodlines
32:44 Light Cavalry
34:00 Chain Barding Armor
35:04 Town Watch
35:34 Hand Cart
35:08 Heavy Scorpion
37:13 Ballistics
37:53 Chemistry
38:35 Iron Casting
38:21 Masonry
38:25 Thumb Ring
37:59 Heavy Camel Rider
Critian
11:36 Feudal Age
12:41 Double-Bit Axe
12:39 Horse Collar
17:53 Castle Age
19:08 Pikeman
29:19 Forging
38:27 Bloodlines
38:19 Husbandry
38:24 Squires
38:55 Light Cavalry
40:34 Man-at-Arms
Connection lost

Rejoining the realm…

Still unreachable

The connection could not be restored.

Session expired

The server has moved on; the page needs a fresh start.